 Dungeon Crawl Stone Soup version 0.16-a0-3843-ged98c6c (webtiles) character file.

247 abixa the Charmwright (level 5, -4/34 HPs)
             Began as a High Elf Skald on Jan 30, 2015.
             Slain by a porcupine (5 damage)
             ... on level 4 of the Dungeon.
             The game lasted 00:12:28 (4749 turns).

abixa the Charmwright (High Elf Skald)              Turns: 4749, Time: 00:12:28

Health: -4/34      AC:  4    Str: 11    XL:     5   Next: 85%
Magic:  11/12      EV: 11    Int: 16    God:
Gold:   179        SH:  0    Dex: 15    Spells: 3 memorised, 3 levels left

rFire  . . .     SeeInvis .     a - +0 falchion
rCold  . . .     Clarity  .     b - +0 leather armour
rNeg   . . .     SustAb   .     (no shield)
rPois  .         Gourm    .     (no helmet)
rElec  .         Spirit   .     n - +0 cloak
rCorr  .         Warding  .     (no gloves)
rMut   .         Stasis   .     (no boots)
MR     .....                    (no amulet)
Stlth  +.........               h - ring of stealth
                                e - ring of loudness (curse)

@: infused (expiring), not resistant to hostile enchantments, very unstealthy
A: no striking features
a: no special abilities


You were on level 4 of the Dungeon.
You were hungry.

You visited 1 branch of the dungeon, and saw 4 of its levels.

You collected 179 gold pieces.

Inventory:

Hand weapons
 a - a +0 falchion (weapon)
 D - a +1 dagger of venom
 E - a +0 spear
Missiles
 l - 53 stones (quivered)
 o - 11 silver bolts
 A - 19 sling bullets
 C - 19 poisoned arrows
Armour
 b - a +0 leather armour (worn)
 j - a +0 ring mail
 n - a +0 cloak (worn)
Jewellery
 e - a cursed ring of loudness (left hand)
 h - a ring of stealth (right hand)
 w - an uncursed ring of see invisible {unknown}
Magical devices
 B - a wand of polymorph (0)
Scrolls
 f - 5 scrolls of identify {unknown}
 i - 2 scrolls of remove curse {unknown}
 q - a scroll of noise {unknown}
 t - a scroll of enchant armour {unknown}
 v - 2 scrolls of immolation {unknown}
 x - a scroll of enchant weapon {unknown}
 y - a scroll of fog {unknown}
Potions
 g - 2 potions of curing {unknown}
 m - a potion of heal wounds {unknown}
 r - a potion of might {unknown}
 u - a potion of beneficial mutation {unknown}
 z - a potion of brilliance {unknown}
Books
 c - a book of Battle

   Spells                             Type                      Level
   a - Infusion                       Charms                       1
   b - Shroud of Golubria             Charms/Translocation         2
   c - Song of Slaying                Charms                       2
   d - Spectral Weapon                Hexes/Charms                 3
   e - Regeneration                   Charms/Necromancy            3
Comestibles
 d - 8 bread rations
 k - a royal jelly
 p - 3 meat rations
 s - 2 beef jerkies


   Skills:
 - Level 2.0 Fighting
 * Level 5.7 Long Blades
 - Level 0.8 Armour
 - Level 1.1 Dodging
 - Level 2.4 Spellcasting
 + Level 6.0 Charms


You had 3 spell levels left.
You knew the following spells:

 Your Spells              Type           Power        Failure   Level  Hunger
a - Infusion              Chrm           ###...       1%          1    #......
b - Song of Slaying       Chrm           ###.....     3%          2    ###....
c - Shroud of Golubria    Chrm/Tloc      ##........   12%         2    ###....


Dungeon Overview and Level Annotations

Branches:
Dungeon (4/15)
 Temple: D:4-7

Altars:
Cheibriados
Elyvilon
Fedhas
Gozag
Makhleb
Qazlal
Ru
Trog

Annotations:
D:4 Blork the orc


Message History

Evoking this partially-identified wand wasted a few charges.
The giant frog hits you.
* * * LOW HITPOINT WARNING * * *
The giant frog barely misses you.
Evoke which item? (* to show all) (? for menu, Esc to quit)
Zapping:
B - a wand of polymorph {zapped: 11} (will waste charges)
Press: ? - help, Shift-Dir - straight line, f/p - giant frog
Aim: a giant frog (chance 46%)
The giant frog evaporates and reforms as a porcupine!
Evoking this partially-identified wand wasted a few charges.
The porcupine barely misses you. The porcupine bites you.
* * * LOW HITPOINT WARNING * * *
Your magical infusion is running out.
Blork the orc gestures at you while chanting.
The puff of flame hits you!
* * * LOW HITPOINT WARNING * * *
There is an open door here.
The porcupine bites you.
You die...

....................
.........†...........
...........†..........
.###'###'####'#......
#............+ ...
.'............# .
#.####..###..#
####..###..#
#.....@.#..#. .
#......r#..#...#
..'.......'o.'...#.
#.###...###..#...#.. #
#'######'#......#
.....'g...#......#
......#....#.......
####+####'#........
...............#


You could see Blork the orc and a porcupine.

Vanquished Creatures
  Natasha (D:4)
  A worker ant (D:4)
  8 adders
  5 gnolls
  A giant mite (D:3)
  A worm (D:2)
  2 giant geckos
  An ooze (D:3)
  4 ball pythons
  11 bats
  7 giant cockroaches
  7 goblins
  8 hobgoblins
  6 giant newts
  6 kobolds
  6 rats
75 creatures vanquished.

Notes
Turn   | Place    | Note
--------------------------------------------------------------
     0 | D:1      | abixa, the High Elf Skald, began the quest for the Orb.
     0 | D:1      | Reached XP level 1. HP: 14/14 MP: 4/4
   190 | D:1      | Reached skill level 4 in Charms
   247 | D:1      | Reached XP level 2. HP: 19/19 MP: 0/6
  1207 | D:2      | Reached XP level 3. HP: 17/24 MP: 8/8
  1781 | D:2      | Reached skill level 5 in Charms
  1781 | D:2      | Reached XP level 4. HP: 20/29 MP: 2/11
  2381 | D:2      | Found a stormy altar of Qazlal.
  3032 | D:3      | Learned a level 2 spell: Song of Slaying
  3035 | D:3      | Learned a level 2 spell: Shroud of Golubria
  3037 | D:3      | Found a snail-covered altar of Cheibriados.
  3038 | D:3      | Found a bloodstained altar of Trog.
  3042 | D:3      | Found an opulent altar of Gozag.
  3047 | D:3      | Found a sacrificial altar of Ru.
  3055 | D:3      | Found a white marble altar of Elyvilon.
  3056 | D:3      | Found a blossoming altar of Fedhas.
  3249 | D:3      | Reached XP level 5. HP: 24/34 MP: 12/12
  3494 | D:3      | Reached skill level 5 in Long Blades
  3782 | D:3      | Found a burning altar of Makhleb.
  4169 | D:4      | Noticed Natasha
  4188 | D:4      | Killed Natasha
  4459 | D:4      | Reached skill level 6 in Charms
  4721 | D:4      | Noticed Blork the orc
  4741 | D:4      | Noticed a porcupine
  4741 | D:4      | a giant frog changed into a porcupine
  4747 | D:4      | HP: 1/34 [Blork the orc/puff of flame (4)]
  4749 | D:4      | Slain by a porcupine

Action                   |  1- 3 |  4- 6 || total
-------------------------+-------+-------++-------
Melee: Falchion          |    79 |   188 ||   267
Throw: Stone             |    23 |    22 ||    45
 Cast: Infusion          |    12 |    17 ||    29
Evoke: Wand              |       |     6 ||     6
  Eat: Chunk             |     2 |    10 ||    12
